 Dungeon Crawl Stone Soup version 0.22-a0-322-g60b3cfd (webtiles) character file.

266 GameOver the Sneak (level 6, 0/52 HPs)
             Began as a Naga Wizard on Apr 4, 2018.
             Slain by a worker ant (4 damage)
             ... on level 4 of the Dungeon.
             The game lasted 00:19:48 (2493 turns).

GameOver the Sneak (Naga Wizard)                    Turns: 2493, Time: 00:19:49

Health: 0/52       AC:  4    Str: 14    XL:     6   Next: 20%
Magic:  2/10       EV: 10    Int: 21    God:
Gold:   138        SH:  0    Dex:  9    Spells: 5/11 levels left

rFire    . . .     SeeInvis +   v - +3 flail (holy)
rCold    . . .     Gourm    .   (no shield)
rNeg     . . .     Faith    .   a - +0 robe
rPois    +         Spirit   .   i - +0 helmet
rElec    .         Reflect  .   o - scarf {cloud immunity}
rCorr    .         Harm     .   (no gloves)
MR       .....                  (no barding)
Stlth    ++........             (no amulet)
HPRegen  0.17/turn              (no ring)
MPRegen  0.12/turn              (no ring)

@: mighty, very slow
A: large, see invisible, deformed body, poison resistance, slowness 2, slow
metabolism 1, spit poison 1, AC +2
a: Spit Poison


You were on level 4 of the Dungeon.
You were hungry.

You visited 1 branch of the dungeon, and saw 4 of its levels.

You collected 138 gold pieces.

Inventory:

Hand Weapons
 u - a +0 trident
 v - a +3 flail of holy wrath (weapon)
Armour
 a - a +0 robe (worn)
 i - a +0 helmet (worn)
 o - a scarf of cloud immunity (worn)
 t - a cursed +0 leather armour
 w - a +0 large shield
Wands
 l - a wand of acid (10)
Scrolls
 g - 3 scrolls of remove curse
 h - 3 scrolls of identify {unknown}
 j - a scroll of immolation {unknown}
 n - 2 scrolls of fog
 p - 2 scrolls of enchant armour {unknown}
 s - a scroll of amnesia {unknown}
 x - a scroll of enchant weapon {unknown}
Potions
 b - 6 potions of curing
 c - a potion of haste
 k - a potion of brilliance {unknown}
 m - 2 potions of flight {unknown}
 q - a potion of magic {unknown}
 r - a potion of degeneration {unknown}
Comestibles
 d - 9 rations


   Skills:
 + Level 1.7 Fighting
 + Level 0.6 Maces & Flails
 - Level 1.5 Dodging
 + Level 4.8 Stealth
 - Level 3.0 Spellcasting
 * Level 3.8 Conjurations
   Level 1.0 Summonings
 - Level 1.0 Translocations
 * Level 2.2 Air Magic
 + Level 2.0 Poison Magic


You had 5 spell levels left.
You knew the following spells:

 Your Spells              Type           Power        Failure   Level  Hunger
a - Magic Dart            Conj           ###.         2%          1    None
b - Blink                 Tloc           N/A          13%         2    ##.....
s - Mephitic Cloud        Conj/Pois/Air  ##......     13%         3    ###....


Dungeon Overview and Level Annotations

Branches:
Dungeon (4/15)
 Temple: D:4-7

Altars:
Yredelemnul


Innate Abilities, Weirdness & Mutations

You cannot wear boots.
Your serpentine skin is tough. (AC +2)
You have supernaturally acute eyesight. (SInv)
Armour fits poorly on your strangely shaped body.
Your system is resistant to poisons. (rPois)
You cover ground very slowly.
You have a slow metabolism.
You can spit poison.


Message History

The worker ant is heavily wounded.
You have got your breath back.
The worker ant bites you.
Press: ? - help, Shift-Dir - straight line, f/p - worker ant
Aim: a worker ant (heavily wounded)
The splash of poison hits the worker ant.
The worker ant appears unharmed.
The worker ant is heavily wounded.
You feel slightly more hungry. The worker ant bites you!
* * * LOW HITPOINT WARNING * * *
The worker ant bites you.
* * * LOW HITPOINT WARNING * * *
It was a potion of might.
You feel very mighty all of a sudden.
The worker ant bites you but does no damage.
You hit the worker ant.
The worker ant is severely wounded.
You have got your breath back.
The worker ant bites you.
You die...

#############
#####.....#.....##
.................##
..................#
..................#
...............>..#
..................#
..................#########
................@a.........
.................####......
.####"....#........ .....
...))%....########## .a<.
.....####..# ...
.....#####.. .. ....(...###
. ....###....# ....###.....


You could see a worker ant.

Vanquished Creatures
  3 orc priests
  A worker ant (D:4)
  An orc wizard (D:3)
  3 adders
  An adder skeleton (D:4)
  4 worms
  2 dart slugs
  A leopard gecko (D:1)
  12 orcs
  7 bats
  6 giant cockroaches
  5 goblins
  4 hobgoblins
  3 quokkas (D:3)
  6 frilled lizards
  9 kobolds
  9 rats
77 creatures vanquished.

Notes
Turn   | Place    | Note
-------+----------+-------------------------------------------
     0 | D:1      | GameOver the Naga Wizard began the quest for the Orb.
     0 | D:1      | Reached XP level 1. HP: 15/15 MP: 4/4
   143 | D:1      | Reached XP level 2. HP: 15/22 MP: 4/6
   461 | D:1      | Reached XP level 3. HP: 23/28 MP: 3/7
   625 | D:1      | Reached skill level 4 in Stealth
   797 | D:2      | Found a basalt altar of Yredelemnul.
   918 | D:2      | Learned a level 2 spell: Blink
   922 | D:2      | Learned a level 3 spell: Mephitic Cloud
  1569 | D:3      | Reached XP level 4. HP: 37/37 MP: 6/8
  1841 | D:3      | Reached skill level 1 in Fighting
  1841 | D:3      | Reached skill level 1 in Air Magic
  1841 | D:3      | Reached skill level 1 in Poison Magic
  1932 | D:3      | Reached XP level 5. HP: 44/44 MP: 6/9
  2436 | D:4      | Reached XP level 6. HP: 42/51 MP: 5/10
  2493 | D:4      | Slain by a worker ant

Vault maps used:
D:1:      dpeg_arrival_three_bigger_balls, minmay_misc_feat_tower,
          hangedman_abyss_or_decor_lesser_grid, corexii_hall_statues_deadend
D:2:      nicolae_overflow_crystal_walls, kennysheep_minor_cross
D:4:      first_ration, uniq_edmund

Skill      XL: |  1  2  3  4  5  6 |
---------------+-------------------+-----
Conjurations   | 2 3 |  3.8
Stealth        | 4 |  4.8
Fighting       | 1 |  1.7
Air Magic      | 1 2 |  2.2
Poison Magic   | 1 2 |  2.0
Maces & Flails | |  0.6
Dodging        | |  1.5
Spellcasting   | |  3.0
Summonings     | |  1.0
Translocations | |  1.0

Action                   |  1- 3 |  4- 6 || total
-------------------------+-------+-------++-------
Melee: Spear             |     5 |    14 ||    19
       Trident           |       |    11 ||    11
       Flail             |       |    27 ||    27
 Cast: Magic Dart        |    47 |    61 ||   108
       Mephitic Cloud    |       |     2 ||     2
 Abil: Spit Poison       |    44 |    34 ||    78
  Use: Scroll            |       |     4 ||     4
       Potion            |       |     3 ||     3
 Stab: Sleeping          |     1 |       ||     1
  Eat: Chunk             |     4 |     4 ||     8
Armor: Robe              |     4 |    14 ||    18
Dodge: Dodged            |    11 |    39 ||    50

Table legend:
 A = Spawn XP
 B = Non-spawn XP
 C = Spawn XP percentage of total XP
 D = Spawn monster count
 E = Non-spawn monster count
 F = Spawn count percentage of total count
 G = Total turns spent on level
                    A         B        C        D         E        F      G
               +---------+---------+-------+---------+---------+-------+---------
         Total |       0 |     380 |   0.0 |       0 |      77 |   0.0 |  2493
               +---------+---------+-------+---------+---------+-------+---------
           D:1 |       0 |      43 |   0.0 |       0 |      27 |   0.0 |   796
           D:2 |       0 |      31 |   0.0 |       0 |      14 |   0.0 |   673
           D:3 |       0 |     207 |   0.0 |       0 |      30 |   0.0 |   848
           D:4 |       0 |      99 |   0.0 |       0 |       6 |   0.0 |   176
               +---------+---------+-------+---------+---------+-------+---------
